 Dungeon Crawl Stone Soup version 0.21-a0-94-gdd6ab6a (webtiles) character file.

83 Lavandula the Bolt Thrower (level 4, -2/32 HPs)
             Began as a Mummy Arcane Marksman on July 2, 2017.
             Slain by an orc
             ... wielding a +0 dagger
              (4 damage)
             ... on level 4 of the Dungeon.
             The game lasted 00:07:32 (1354 turns).

Lavandula the Bolt Thrower (Mummy Arcane Marksman)  Turns: 1354, Time: 00:07:33

Health: -2/32      AC:  2    Str: 13    XL:     4   Next: 22%
Magic:  6/6        EV: 12    Int: 12    God:
Gold:   72         SH:  0    Dex: 13    Spells: 2/5 levels left

rFire    x . .     SeeInvis .   a - +0 hand crossbow
rCold    + . .     Gourm    .   (no shield)
rNeg     + + +     Faith    .   e - +0 robe
rPois    ∞         Spirit   .   (no helmet)
rElec    .         Reflect  .   (no cloak)
rCorr    .         Harm     .   (no gloves)
MR       .....                  (no boots)
Stlth    +.........             (no amulet)
HPRegen  0.10/turn              (no ring)
MPRegen  0.10/turn              (no ring)

@: no status effects
A: no food or potions, fire vulnerability, cold resistance 1, negative energy
resistance 3, torment resistance, unbreathing
a: no special abilities


You were on level 4 of the Dungeon.
You were not hungry.

You visited 1 branch of the dungeon, and saw 4 of its levels.

You collected 72 gold pieces.

Inventory:

Hand Weapons
 a - a +0 hand crossbow (weapon)
 f - a +0 spear
Missiles
 d - 13 bolts (quivered)
Armour
 e - a +0 robe (worn)
 j - a +0 chain mail of fire resistance
 l - a +2 shield
Jewellery
 g - an uncursed amulet of the gourmand {unknown}
 h - an uncursed ring of positive energy {unknown}
 i - an uncursed ring of protection from magic {unknown}
 k - an uncursed ring of fire {unknown}
Scrolls
 b - 2 scrolls of identify
 m - a scroll of magic mapping
Books
 c - a book of Debilitation

   Spells                             Type                      Level
   a - Corona                         Hexes                        1
   b - Slow                           Hexes                        2
   c - Inner Flame                    Hexes/Fire                   3
   d - Portal Projectile              Hexes/Translocation          3
   e - Cause Fear                     Hexes                        4
   f - Leda's Liquefaction            Hexes/Earth                  4


   Skills:
 + Level 1.0 Fighting
 - Level 3.6 Crossbows
 - Level 1.6 Dodging
 - Level 1.3 Spellcasting
 - Level 2.8 Hexes


You had 2 spell levels left.
You knew the following spells:

 Your Spells              Type           Power        Failure   Level  Hunger
a - Corona                Hex            #......      10%         1    N/A
b - Slow                  Hex            #.......     14%         2    N/A

Dungeon Overview and Level Annotations

Branches:
Dungeon (4/15)
 Temple: D:4-7

Altars:
Kikubaaqudgha
Yredelemnul

Annotations:
D:3 2 transporters, Menkaure
D:4 Edmund


Innate Abilities, Weirdness & Mutations

You do not eat or drink.
Your flesh is vulnerable to fire.
You are immune to poison.
Your flesh is cold resistant. (rC+)
You are immune to negative energy. (rN+++)
You are immune to unholy pain and torment.
You can survive without breathing.


Message History

The orc wizard shouts!
The bolt hits the orc priest.
The orc priest is moderately wounded.
The orc priest closely misses you.
The orc hits you from afar with a trident.
A quokka comes into view.
The orc hits you with a dagger.
A ball python comes into view.
The orc wizard gestures wildly while chanting.
The orc wizard seems to speed up.
The orc wizard hits you with a dagger of draining.
The orc wizard looks braver for a moment.
The orc wizard casts a spell at you. The puff of flame hits you!
The fire burns you terribly!
* * * LOW HITPOINT WARNING * * *
There is a stone staircase leading up here.
Unknown command.
The orc wizard closely misses you. The orc barely misses you.
The orc hits you with a dagger.
You die...

..... .......
...... ........
...... .......
#.... #$...# .
##..o.###....##:.
#................
#................
#.....o@(........
#..#..o##o##.###
##..r##.##
#...o....#
#.......$#
#........#
#........#
#........#
##.....###


You could see an orc priest, 2 orc wizards, 2 orcs and a quokka.

Vanquished Creatures
  2 adders
  3 gnolls (D:3)
  3 dart slugs
  3 orcs (D:3)
  3 goblins
  4 hobgoblins
  4 kobolds
  A bat (D:2)
  2 frilled lizards (D:3)
  A leopard gecko skeleton (D:3)
  5 rats
31 creatures vanquished.

Notes
Turn   | Place    | Note
-------+----------+-------------------------------------------
     0 | D:1      | Lavandula the Mummy Arcane Marksman began the quest for the Orb.
     0 | D:1      | Reached XP level 1. HP: 15/15 MP: 2/2
    92 | D:1      | Reached skill level 2 in Crossbows
   163 | D:1      | Reached XP level 2. HP: 21/21 MP: 4/4
   285 | D:3      | Found a basalt altar of Yredelemnul.
   288 | D:3      | Noticed Menkaure
   290 | D:3      | Found an ancient bone altar of Kikubaaqudgha.
   295 | D:3      | Found a transporter.
   352 | D:3      | Noticed a wight
   355 | D:3      | Found a transporter.
   480 | D:2      | Reached XP level 3. HP: 15/26 MP: 3/5
   605 | D:4      | Noticed Edmund
   636 | D:3      | Reached skill level 3 in Crossbows
   703 | D:4      | Noticed an ogre
   767 | D:3      | Reached XP level 4. HP: 22/32 MP: 6/6
   792 | D:3      | Learned a level 2 spell: Slow
  1354 | D:4      | Slain by an orc

Vault maps used:
D:1:      dpeg_arrival_tiny_a
D:2:      minmay_pentomino_u4
D:3:      gammafunk_temple_of_torment, first_bread
D:4:      lemuel_coloured_pillars_altar, portal_sewer_entry_b, serial_shops,
          shop, serial_bayou_pond_e, nicolae_qazlal_eye_of_the_storm,
          uniq_edmund

Skill      XL: |  1  2  3 |
---------------+----------+-----
Crossbows      | 2 3 |  3.6
Fighting       | |  1.0
Dodging        | |  1.6
Spellcasting   | |  1.3
Hexes          | |  2.8

Action                   |  1- 3 |  4- 6 || total
-------------------------+-------+-------++-------
Melee: Spear             |     7 |       ||     7
 Fire: Hand crossbow     |    68 |    10 ||    78
 Cast: Corona            |     7 |       ||     7
       Slow              |       |     3 ||     3
  Use: Scroll            |       |     1 ||     1
Armor: Robe              |     3 |       ||     3
Dodge: Dodged            |    23 |    14 ||    37
